 Dungeon Crawl Stone Soup version 0.29.1-15-g9cfb28693d (webtiles) character file.

Game seed: 13241885511145152240

985 GigaChad the Chopper (level 7, -7/62 HPs)
             Began as a Minotaur Fighter on Mar 13, 2023.
             Mangled by a gnoll sergeant
             ... wielding a +3 spear of flaming
              (9 damage)
             ... on level 6 of the Dungeon.
             The game lasted 00:06:43 (5761 turns).

GigaChad the Chopper (Minotaur Fighter)             Turns: 5761, Time: 00:06:43

Health: -7/62      AC:  8    Str: 23    XL:     7   Next: 97%
Magic:  6/6        EV:  9    Int:  5    God:
Gold:   290        SH: 12    Dex:  9    Spells: 6/6 levels left

rFire   . . .      SeeInvis .   a - +0 war axe
rCold   . . .      Faith    .   n - +3 kite shield
rNeg    . . .      Spirit   .   b - +0 scale mail
rPois   .          Reflect  .   (helmet restricted)
rElec   .          Harm     .   t - +0 cloak
rCorr   .          Rampage  .   (no gloves)
Will    .....                   (no boots)
Stlth   ..........              (no amulet)
HPRegen 0.20/turn               (no ring)
MPRegen 0.10/turn               (no ring)

@: no status effects
A: horns 2, retaliatory headbutt
a: no special abilities


You were on level 6 of the Dungeon.
You visited 2 branches of the dungeon, and saw 7 of its levels.

You collected 290 gold pieces.

Inventory:

Hand Weapons
 a - a +0 war axe (weapon)
Armour
 b - a +0 scale mail (worn)
 c - a +0 buckler
 n - a +3 kite shield (worn)
 t - a +0 cloak (worn)
Jewellery
 e - a ring of protection from cold
 q - a ring of magical power
Wands
 l - a wand of light (11)
Scrolls
 h - a scroll of noise {unknown}
 m - 2 scrolls of amnesia
 o - 2 scrolls of fear
 p - 5 scrolls of identify
 r - a scroll of teleportation
 s - a scroll of fog {unknown}
Potions
 d - 2 potions of might
 f - 2 potions of heal wounds {unknown}
 g - a potion of resistance {unknown}
 i - 2 potions of curing {unknown}
 j - a potion of magic {unknown}
 k - 2 potions of haste
 u - a potion of mutation {unknown}


   Skills:
 * Level 5.9 Fighting
 + Level 7.3 Axes
 + Level 5.8 Armour
 + Level 1.9 Dodging
 * Level 6.0 Shields


You had 6 spell levels left.
You didn't know any spells.
Your spell library contained the following spells:

 Spells                   Type           Power      Damage    Failure   Level
 Ensorcelled Hibernation  Hex/Ice        0%         N/A       99%         2
 Passwall                 Tmut/Erth      0%         N/A       99%         2
 Ignite Poison            Fire/Tmut/Pois 0%         N/A       100%        3
 Mephitic Cloud           Conj/Pois/Air  0%         N/A       100%        3
 Swiftness                Air            0%         N/A       100%        3
 Freezing Cloud           Conj/Ice/Air   0%         6-21      100%        5


Dungeon Overview and Level Annotations

Branches:
Dungeon (6/15)             Temple (1/1) D:5

Altars:
Ashenzari
Cheibriados
Fedhas
Hepliaklqana
Kikubaaqudgha
Nemelex Xobeh
Qazlal
Vehumet
Wu Jian
Yredelemnul
Zin
The Shining One

Annotations:
D:4 1 runed translucent door, croobank's ghost, amateur OpDe


Innate Abilities, Weirdness & Mutations

You have a pair of horns on your head.
You reflexively headbutt those who attack you in melee.


Message History

Reactivating autopickup.
You block the sky beast's attack. You block the gnoll sergeant's attack.
You closely miss the sky beast.
The sky beast hits you but does no damage.
You block the gnoll's attack.
The gnoll sergeant hits you from afar with a +3 spear of flaming!
The gnoll sergeant burns you.
You closely miss the sky beast. You block the sky beast's attack.
You block the gnoll's attack. The gnoll sergeant barely misses you.
The gnoll hits you from afar with a +0 halberd.
The sky beast closely misses you. You block the gnoll sergeant's attack.
You closely miss the sky beast. Your headbutt misses the sky beast.
The sky beast hits you but does no damage.
You block the gnoll's attack.
The gnoll sergeant hits you from afar with a +3 spear of flaming!
The gnoll sergeant burns you.
You hit the sky beast but do no damage. You headbutt the sky beast.
The sky beast is lightly wounded.
You block the sky beast's attack. The gnoll misses you.
You block the gnoll sergeant's attack.
You closely miss the sky beast. Your headbutt misses the sky beast.
The sky beast is lightly wounded.
You block the sky beast's attack.
The gnoll sergeant hits you from afar with a +3 spear of flaming!
The gnoll sergeant burns you.
* * * LOW HITPOINT WARNING * * *
The gnoll hits you from afar with a +0 halberd!
* * * LOW HITPOINT WARNING * * *
The gnoll barely misses you. The gnoll sergeant barely misses you.
The sky beast flickers out of sight!
Deactivating autopickup; reactivate with Ctrl-A.
Something hits you but does no damage.
A sky beast appears from thin air!
Reactivating autopickup.
You block the gnoll sergeant's attack. You block the sky beast's attack.
The gnoll barely misses you. You block the sky beast's attack.
The gnoll hits you with a +0 halberd.
* * * LOW HITPOINT WARNING * * *
The gnoll sergeant hits you from afar with a +3 spear of flaming!
You die...

##+## .
#...# .8
##.8.+ ...
#....# #...
##...#
#....#gY@.#
#...g.g.##
#.>.8.<.#
#.......#
#....#....#
#...###...#
.... #....
.8. ##.8..
.. ...#.


You could see a sky beast, a gnoll sergeant and 2 gnolls.

Vanquished Creatures
  A water moccasin (D:5)
  4 ogres
  A scorpion (D:5)
  A hound (D:4)
  A jelly (D:4)
  A gnoll bouda (D:4)
  An orc priest (D:4)
  Jessica (D:2)
  An iguana (D:4)
  3 orc wizards
  Terence (D:2)
  A mummy (D:5)
  4 gnolls
  5 adders
  A worm (D:2)
  4 dart slugs
  20 orcs
  5 bats
  7 endoplasms
  2 giant cockroaches (D:2)
  8 goblins
  7 hobgoblins
  12 kobolds
  3 quokkas
  3 ball pythons
  A frilled lizard (D:1)
  2 hobgoblin zombies (D:5)
  2 orc zombies (D:5)
  7 rats
110 creatures vanquished.

Vanquished Creatures (others)
  6 plants
  5 toadstools (D:1)
  4 withered plants
15 creatures vanquished.

Grand Total: 125 creatures vanquished

Notes
Turn   | Place    | Note
-------+----------+-------------------------------------------
     0 | D:1      | GigaChad the Minotaur Fighter began the quest for the Orb.
     0 | D:1      | Reached XP level 1. HP: 19/19 MP: 0/0
   242 | D:1      | Reached XP level 2. HP: 20/27 MP: 1/1
   806 | D:1      | Reached skill level 3 in Axes
  1127 | D:2      | Reached XP level 3. HP: 33/33 MP: 2/2
  1432 | D:2      | Noticed Terence
  1442 | D:2      | Killed Terence
  1605 | D:2      | Reached XP level 4. HP: 36/40 MP: 3/3
  1690 | D:2      | Noticed Jessica
  1697 | D:2      | Killed Jessica
  1698 | D:2      | Reached skill level 4 in Axes
  2014 | D:3      | Found a blossoming altar of Fedhas.
  2015 | D:3      | Found an ancient bone altar of Kikubaaqudgha.
  2217 | D:3      | Reached skill level 5 in Axes
  2217 | D:3      | Reached XP level 5. HP: 39/46 MP: 4/4
  2318 | D:3      | Found a faded altar of an unknown god.
  2986 | D:4      | Found a runed translucent door.
  2987 | D:4      | Noticed croobank's ghost (amateur OpDe)
  3033 | D:4      | Reached skill level 1 in Dodging
  3042 | D:4      | Reached XP level 6. HP: 13/53 MP: 5/5
  3043 | D:4      | HP: 1/53 [gnoll/+0 club[a gnoll bouda] (4)]
  3722 | D:4      | Reached skill level 5 in Armour
  3722 | D:4      | Reached skill level 5 in Shields
  3863 | D:4      | Reached skill level 6 in Axes
  4267 | D:4      | Reached XP level 7. HP: 33/60 MP: 6/6
  4639 | D:5      | Entered Level 5 of the Dungeon
  4729 | D:5      | Reached skill level 5 in Fighting
  5247 | D:5      | Reached skill level 7 in Axes
  5446 | D:5      | Found a staircase to the Ecumenical Temple.
  5463 | Temple   | Entered the Ecumenical Temple
  5761 | D:6      | HP: 2/62 [gnoll/+0 halberd[a gnoll sergeant] (6)]
  5761 | D:6      | Mangled by a gnoll sergeant

Illustrated notes

Levels and vault maps discovered:
D:1:      ldierk_walled_garden, layout_basic, serial_bayou_pond_b
D:2:      layout_loops_ring, wad_floor_pattern_1, chequers_decorated_corner,
          uniq_jessica, uniq_terence
D:3:      layout_loops_ring, grunt_temple_overflow_growth_and_decay,
          ebering_ecumenical_altar_sacrificial
D:4:      layout_rooms, gammafunk_ghost_grave
D:5:      layout_loops_cross, minmay_temple_entry_trees, minmay_mini_ossuary
D:6:      layout_rooms, grunt_temple_overflow_open, gammafunk_ghost_stat_death,
          nicolae_ossuary_entry_ruins, grunt_ministairs_13,
          minmay_stone_trees_medium, nicolae_shop_fire_sale
          [nicolae_sub_dead_trees], hangedman_decor_slide_cut
Temple:   chequers_temple_sunken

Skill      XL: |  1  2  3  4  5  6  7 |
---------------+----------------------+-----
Armour         | 4 5 |  5.8
Axes           | 3 5 6 7 |  7.3
Shields        | 4 5 6 |  6.0
Fighting       | 4 5 |  5.9
Dodging        | 1 |  1.9

Action                   |  1- 3 |  4- 6 |  7- 9 || total
-------------------------+-------+-------+-------++-------
Melee: War axe           |    82 |   143 |    67 ||   292
       Headbutt          |     8 |    28 |    11 ||    47
  Use: Scroll            |     1 |     7 |       ||     8
Armor: Scale mail        |    40 |   100 |    20 ||   160
Dodge: Dodged            |    29 |    63 |    13 ||   105
Block: Buckler           |    13 |     6 |       ||    19
       Kite shield       |       |    89 |    44 ||   133
